Construct Section Command Post
Selects Heavy Armor Battlegroup
Selects Heavy Armor Battlegroup
Selects Engineer Detachments
Construct Platoon Command Post
Selects Light Vehicle Withdraw and Refit
Unlock Bishop Self-propelled Artillery
Selects Forward Repair Assembly
6-pounder Anti-tank Gun Team
6-pounder Anti-tank Gun Team
Bishop Self-propelled Artillery
6-pounder Anti-tank Gun Team
Bishop Self-propelled Artillery